AoeStats
← davoAri

Arena

506033146Analyzed
1v1 RM · 20d ago on Sep 12, 2026· 35m 26s· 2 players
Game mode
Random Map
Map size
Tiny (2 player)
Population
200
Speed
Normal
Resources
Standard
Victory
Conquest
Starting age
Dark Age
Ending age
Imperial Age
RankedLock teamsTeams togetherTeam positionsShared explorationLock speedFull tech treeHidden civsTurbo modeCheats
Victory
Defeat
🇲🇽 Mapuche · Mexico
1361
+17
🇺🇸 Cumans · United States
1388
-17
davoAri
12:24 Feudal Age
13:01 Double-Bit Axe
13:28 Horse Collar
16:20 Castle Age
16:22 Champi Runner
22:22 Forging
23:15 Loom
24:45 Wheelbarrow
24:00 Pikeman
32:25 Imperial Age
30:25 Gold Mining
31:52 Scale Mail Armor
34:03 Iron Casting
33:26 Fletching
34:40 Malon
NinjaEskimo012
8:20 Feudal Age
12:09 Horse Collar
12:15 Double-Bit Axe
12:46 Loom
16:40 Man-at-Arms
20:26 Bloodlines
20:28 Forging
20:20 Scale Mail Armor
20:25 Scale Barding Armor
26:37 Castle Age
26:11 Wheelbarrow
27:10 Light Cavalry
Connection lost

Rejoining the realm…

Still unreachable

The connection could not be restored.

Session expired

The server has moved on; the page needs a fresh start.